 Dungeon Crawl Stone Soup version 0.32-a0-5-gbffa963729 (webtiles) character file.

Game seed: 827591018598353863

245 Flugslaktarn the Trooper (level 5, -2/48 HPs)
             Began as a Minotaur Fighter on Jan 13, 2024.
             Slain by a gnoll
             ... wielding a +0 spear
             ... led by a gnoll bouda
              (7 damage)
             ... on level 4 of the Dungeon.
             The game lasted 00:01:00 (2770 turns).

Flugslaktarn the Trooper (Minotaur Fighter)         Turns: 2770, Time: 00:01:00

Health: -2/48      AC:  7    Str: 23    XL:     5   Next: 83%
Magic:  4/4        EV:  5    Int:  5    God:
Gold:   146        SH:  0    Dex:  9    Spells: 4/4 levels left

rFire   . . .        a - +0 war axe
rCold   . . .        c - +0 buckler
rNeg    . . .        b - +0 scale mail
rPois   .            (helmet restricted)
rElec   .            (no cloak)
rCorr   .            (no gloves)
SInv    .            (no boots)
Will    .....        (no amulet) Stlth
                     (no ring)
HPRegen 0.28/turn    (no ring)
MPRegen 0.09/turn

%: no passive effects
@: held
A: horns 2, retaliatory headbutt
a: no special abilities


You were on level 4 of the Dungeon.
You visited 1 branch of the dungeon, and saw 4 of its levels.

You collected 146 gold pieces.

Inventory:

Hand Weapons
 a - a +0 war axe (weapon)
Missiles
 r - 2 throwing nets (quivered)
Armour
 b - a +0 scale mail (worn)
 c - a +0 buckler (worn)
Scrolls
 e - a scroll of amnesia {unknown}
 f - a scroll of enchant armour {unknown}
 g - a scroll of enchant weapon {unknown}
 h - a scroll of noise {unknown}
 j - a scroll of fog {unknown}
 l - a scroll of summoning {unknown}
 m - 2 scrolls of immolation {unknown}
 n - 4 scrolls of identify {unknown}
 o - a scroll of revelation {unknown}
 s - a scroll of teleportation {unknown}
Potions
 d - a potion of might
 i - a potion of lignification {unknown}
 k - a potion of heal wounds {unknown}
 p - 2 potions of curing {unknown}
 q - a potion of berserk rage {unknown}
 t - a potion of attraction {unknown}
 u - a potion of cancellation {unknown}


   Skills:
 * Level 5.4 Fighting
 * Level 4.7 Axes
 + Level 4.6 Armour
 + Level 4.5 Shields


You had 4 spell levels left.
You didn't know any spells.
Your spell library contained the following spells:

 Spells                   Type           Power      Damage    Failure   Level
 Fugue of the Fallen      Necr           0%         N/A       99%         3
 Ozocubu's Armour         Ice            0%         N/A       99%         3
 Manifold Assault         Tloc           0%         N/A       100%        4


Dungeon Overview and Level Annotations

Branches:
Dungeon (4/15)
 Temple: D:4-7

Altars:
Vehumet


Innate Abilities, Weirdness & Mutations

You have a pair of horns on your head.
You reflexively headbutt those who attack you in melee.


Message History

The gnoll misses you. The gnoll hits you with a +0 club.
The ribbon worm struggles against the net.
The gnoll hits you with a +0 whip.
There is a stone staircase leading up, spattered with blood here.
The gnoll hits you but does no damage. The gnoll hits you with a +0 whip.
The gnoll hits you with a +0 club. The gnoll hits you with a +0 whip.
You climb upwards.
Your attacks no longer feel as feeble.
There is a stone staircase leading down here.
You barely miss the gnoll.
The gnoll is severely wounded.
You closely miss the gnoll. You hit the gnoll. You block the gnoll's attack.
The gnoll barely misses you. You block the gnoll's attack.
The gnoll hits you but does no damage.
You hit the gnoll. Your headbutt misses the gnoll.
The gnoll is almost dead.
You slash the gnoll! You barely miss the gnoll.
The gnoll hits you with a +0 club. The gnoll closely misses you.
The gnoll hits you with a +0 whip. You block the gnoll's attack.
You are too injured to fight recklessly!
You are too injured to fight recklessly!
You are too injured to fight recklessly!
You are too injured to fight recklessly!
You are too injured to fight recklessly!
You are too injured to fight recklessly!
You are too injured to fight recklessly!
You are too injured to fight recklessly!
You are too injured to fight recklessly!
You are too injured to fight recklessly!
You hit the gnoll but do no damage.
The gnoll is severely wounded.
You hit the gnoll. x2
You kill the gnoll!
The gnoll hits you with a +0 whip. The gnoll hits you with a +0 club.
* * * LOW HITPOINT WARNING * * *
You barely miss the gnoll.
The gnoll is severely wounded.
You hit the gnoll but do no damage. The gnoll hits you with a +0 whip.
* * * LOW HITPOINT WARNING * * *
The gnoll closely misses you. You furiously retaliate!
You headbutt the gnoll!
You kill the gnoll!
The gnoll barely misses you.
You barely miss the gnoll. You headbutt the gnoll.
You kill the gnoll!
Things that are here:
a +0 whip; a gnoll corpse You start resting.
HP restored.
There is a stone staircase leading down, spattered with blood here.
You climb downwards.
The gnoll closely misses you.
The ribbon worm expels a string of sticky webbing.
The stream of webbing hits you but does no damage.
You are caught in a web!
The kobold hits you but does no damage.
The gnoll hits you from afar with a +0 spear.
The kobold hits you but does no damage.
There is a stone staircase leading up, spattered with blood here.
The gnoll hits you from afar with a +0 spear.
The kobold hits you but does no damage.
You slash the kobold!
You kill the kobold!
The gnoll bouda gazes fiercely through you!
You feel your attacks grow feeble.
The gnoll hits you from afar with a +0 spear.
The gnoll bouda barks out a call to the hunt!
The gnolls pick up the pace!
You hit the gnoll bouda. You headbutt the gnoll bouda!
The gnoll bouda is heavily wounded.
You barely miss the ribbon worm. The gnoll hits you but does no damage.
The ribbon worm bites you. You block the gnoll's attack.
The gnoll bouda hits you with a +0 club.
You hit the gnoll bouda but do no damage.
Your headbutt misses the gnoll bouda.
The gnoll bouda is heavily wounded.
You hit the ribbon worm.
The gnoll hits you from afar with a +0 spear.
The ribbon worm bites you.
The gnoll hits you from afar with a +0 spear.
The gnoll bouda hits you with a +0 club.
The gnoll misses you.
You are too injured to fight recklessly!
You are too injured to fight recklessly!
You are too injured to fight recklessly!
The gnoll throws a throwing net.
The throwing net hits you.
You become entangled in the net!
You stop ascending the stairs.
The gnoll bouda hits you with a +0 club.
* * * LOW HITPOINT WARNING * * *
The ribbon worm bites you.
* * * LOW HITPOINT WARNING * * *
The gnoll hits you but does no damage.
You struggle against the net.
Your attacks no longer feel as feeble.
The gnoll barely misses you.
The gnoll bouda hits you with a +0 club.
* * * LOW HITPOINT WARNING * * *
The ribbon worm bites you.
* * * LOW HITPOINT WARNING * * *
The gnoll hits you but does no damage.
Okay, then.
The gnoll hits you from afar with a +0 spear!
You die...

..#.. .# ....
..# .. ....
..# #.###..#
...
...#...###$.
._........##
#.......## #
##g.@....#
#...#.ggwf...#
........<...?#
.......>....##
###...##...##
#### #####


You could see a sleepcap, a gnoll bouda, a ribbon worm and 2 gnolls.

Vanquished Creatures
  2 orc priests (D:3)
  An orc wizard (D:3)
  Robin (D:2)
  3 gnolls (D:3)
  5 adders
  2 dart slugs
  4 orcs (D:3)
  5 ball pythons
  2 bats (D:3)
  6 endoplasms
  3 giant cockroaches (D:2)
  10 goblins
  7 hobgoblins
  5 quokkas
  3 frilled lizards
  6 kobolds
  3 rats
68 creatures vanquished.

Notes
Turn   | Place    | Note
-------+----------+-------------------------------------------
     0 | D:1      | Flugslaktarn the Minotaur Fighter began the quest for the
                  | Orb.
     0 | D:1      | Reached XP level 1. HP: 19/19 MP: 0/0
   388 | D:1      | Found a faded altar of an unknown god.
   449 | D:1      | Reached XP level 2. HP: 27/27 MP: 1/1
  1250 | D:2      | Noticed Robin
  1258 | D:2      | Reached skill level 4 in Fighting
  1270 | D:2      | Reached XP level 3. HP: 28/33 MP: 2/2
  1277 | D:2      | Killed Robin
  1612 | D:2      | Reached XP level 4. HP: 26/41 MP: 3/3
  2103 | D:3      | Reached XP level 5. HP: 38/47 MP: 4/4
  2168 | D:3      | Reached skill level 5 in Fighting
  2601 | D:4      | Found a radiant altar of Vehumet.
  2770 | D:4      | Slain by a gnoll

Illustrated notes

Levels and vault maps discovered:
D:1:      ebering_trefoil_3fold, layout_basic,
          chequers_ecumenical_altar_simple_redux, nicolae_houndstooth_variations
D:2:      layout_basic, minivault_19, minmay_tiny_reverse_x, uniq_robin
D:3:      layout_rooms, hangedman_decor_riveting
D:4:      gammafunk_steamed_eel, layout_rooms,
          mainiacjoe_overflow_concentric_impassable,
          nicolae_wu_jian_wuxing_cycle, kennysheep_mini, vehumet_crystals,
          temple_pool_b, serial_shops, shop, minmay_small_thing,
          uniq_crazy_yiuf_cottage, uniq_natasha

Skill      XL: |  1  2  3  4  5 |
---------------+----------------+-----
Fighting       | 4 5 |  5.4
Axes           | 3 4 |  4.7
Armour         | 4 |  4.6
Shields        | 4 |  4.5

Action                     |  1- 3 |  4- 6 || total
---------------------------+-------+-------++-------
  Melee: War axe           |    58 |    73 ||   131
         Headbutt          |     8 |     7 ||    15
    Use: Potion            |     1 |       ||     1
 Armour: Scale mail        |    38 |    84 ||   122
  Dodge: Dodged            |    26 |    46 ||    72
  Block: Buckler           |    13 |    24 ||    37

Table legend: (Time is in decaauts)
 A = Elapsed time spent in this place.
 B = Non-inter-level travel time spent in this place.
 C = Inter-level travel time spent in this place.
 D = Time resting spent in this place.
 E = Time spent auto-exploring this place.
 F = Levels seen in this place.
 G = Mean time per level.
                   A        B        C        D        E       F      G
               +--------+--------+--------+--------+--------+-----+--------+
         Total |   2815 |   2781 |     34 |    145 |   2286 |   4 |  703.8 |
       Dungeon |   2815 |   2781 |     34 |    145 |   2286 |   4 |  703.8 |
               +--------+--------+--------+--------+--------+-----+--------+

Top non-repeatable levels by time:
     D:1: 1259 daAuts
     D:2: 777 daAuts
     D:3: 762 daAuts
     D:4: 16 daAuts
